Blues vs RedWings

Created - 8 mars 2018 at 19:08

Goals
1 2 3 T
Blues 0 0 0 0
RedWings 4 0 2 6
Shots
1 2 3 T
Blues 7 12 9 28
RedWings 14 9 12 35

1st period

1. RedWings , Tyler Toffoli 17 (Eric Gryba 7) at 10:41
2. RedWings , Paul Martin 9 (Jonathan Drouin 14, Sam Gagner 21) at 15:32
3. RedWings , Loui Eriksson 14 (Eric Gryba 8, Paul Martin 31) at 18:06 (PP)
4. RedWings , Sean Monahan 31 (Paul Martin 32, David Pastrnak 45) at 19:34

Penalties :
Kris Versteeg (STL) for Roughing (Minor) at 11:20, Rick Nash (STL) for Elbowing (Minor) at 16:26

2nd period

No Goal

Penalties :
Eric Gryba (DET) for Slashing (Minor) at 1:51, Dan Renouf (STL) for Roughing (Minor) at 7:10, Cal Clutterbuck (STL) for Charging (Minor) at 14:44

3rd period

5. RedWings , Erik Haula 7 (Tyler Toffoli 16) at 2:53
6. RedWings , Loui Eriksson 15 (Sean Monahan 53, Filip Forsberg 47) at 6:46 (PP)

Penalties :
Braydon Coburn (STL) for Slashing (Minor) at 5:03, Dennis Seidenberg (DET) for Hooking (Minor) at 6:51, Ben Lovejoy (DET) for Hooking (Minor) at 11:17, Rick Nash (STL) for Holding (Minor) at 17:00

Goalie Stats

Antti Niemi (STL), 19 saves from 21 shots - (0.905), 40:26 minutes
Ryan Miller (STL), 10 saves from 14 shots - (0.714), L, 22-22-5, 19:34 minutes
Roberto Luongo (DET), 28 saves from 28 shots - (1.000), W, 24-19-2, 60:00 minutes

Players Stats for Blues

Player Name              G  A  P  +/- PIM S  H  SB GA TA FO     MP     PP MP  PK MP  
------------------------------------------------------------------------------------
Adam Cracknell           0  0  0   0  0   1  2  2  0  0  0/2    12:03   0:00   1:30 
Braydon Coburn           0  0  0   0  2   1  4  1  0  0  0/0    20:23   3:38   4:12 
Brian Flynn              0  0  0  -1  0   0  0  0  0  0  14/21   9:52   0:00   0:11 
Brian Gionta             0  0  0  -1  0   3  0  0  0  0  2/5    22:11   1:53   7:41 
Cal Clutterbuck          0  0  0  -1  2   2  7  0  0  0  2/6    12:06   2:26   0:00 
Carl Gunnarsson          0  0  0  -2  0   0  1  2  0  0  0/0    15:49   0:00   0:18 
Clarke MacArthur         0  0  0  -1  0   1  0  1  0  0  0/0    10:59   0:00   1:18 
Dan Renouf               0  0  0  -2  2   0  3  1  0  0  0/0    16:06   0:48   0:00 
Dwight King              0  0  0  -2  0   3  2  0  0  0  1/1    13:24   3:31   0:00 
Jacob Josefson           0  0  0   0  0   2  1  0  0  0  2/9    10:33   0:00   0:00 
Jay McClement            0  0  0  -2  0   3  2  0  0  0  8/20   13:24   3:31   0:00 
Jiri Hudler              0  0  0   0  0   2  0  0  0  0  0/0    11:06   0:33   0:00 
John-Michael Liles       0  0  0   0  0   1  0  1  0  0  0/0    20:30   3:38   4:18 
Johnny Boychuk           0  0  0  -2  0   0  2  3  0  0  0/0    23:55   2:15   7:01 
Kris Versteeg            0  0  0  -2  2   1  0  0  0  0  2/6    15:48   3:31   2:25 
Mike Fisher              0  0  0  -1  0   6  2  0  0  0  15/25  20:12   0:00   7:35 
Niklas Kronwall          0  0  0  -2  0   0  3  0  0  0  0/0    23:15   1:35   6:49 
Rick Nash                0  0  0  -1  4   2  2  0  0  0  0/0    16:59   2:26   1:58 

Players Stats for RedWings

Player Name              G  A  P  +/- PIM S  H  SB GA TA FO     MP     PP MP  PK MP  
------------------------------------------------------------------------------------
Andrew Cogliano          0  0  0   0  0   0  0  0  0  0  0/0     1:45   0:00   1:45 
Ben Lovejoy              0  0  0   2  2   0  1  1  0  0  0/0    24:38   5:18   2:06 
David Pastrnak           0  1  1   1  0   4  1  0  0  0  1/3    20:38   4:45   1:28 
Dennis Seidenberg        0  0  0   0  2   1  2  1  0  0  0/0    17:28   1:10   1:03 
Eric Gryba               0  2  2   2  2   0  3  0  0  0  0/0    16:08   5:13   0:43 
Erik Haula               1  0  1   2  0   3  1  0  0  0  17/32  17:47   0:00   3:19 
Filip Forsberg           0  1  1   1  0   5  3  1  0  0  0/2    20:30   6:05   0:00 
Jonathan Drouin          0  1  1   1  0   2  1  0  0  0  2/3    20:03   5:42   0:46 
Kris Russell             0  0  0   0  0   3  0  1  0  0  0/0    19:05   0:48   3:01 
Loui Eriksson            2  0  2   1  0   5  2  0  0  0  0/1    21:50   5:31   2:44 
Micheal Ferland          0  0  0   1  0   0  1  1  0  0  0/0     4:26   0:00   0:00 
Nick Jensen              0  0  0   2  0   0  0  0  0  0  0/0    10:31   0:18   0:00 
Paul Martin              1  2  3   2  0   1  1  1  0  0  0/0    23:19   3:45   2:19 
Ryan Hartman             0  0  0   1  0   1  4  0  0  0  0/0    10:18   0:00   0:00 
Sam Gagner               0  1  1   1  0   3  0  0  0  0  13/24  19:05   5:14   0:00 
Sean Monahan             1  1  2   1  0   4  0  0  0  0  16/29  22:15   6:05   1:45 
Thomas Hickey            0  0  0   0  0   0  0  0  0  0  0/0     8:48   6:06   2:42 
Tyler Toffoli            1  1  2   2  0   3  0  0  0  0  0/1    15:26   0:35   0:07 

3 Stars

1 - Roberto Luongo (DET)
2 - Paul Martin (DET)
3 - Loui Eriksson (DET)

Power Play

Blues - 0 on 3 Attempt(s) - 0.00%
RedWings - 2 on 6 Attempt(s) - 33.33%

Penalty Kill

Blues - 4 on 6 Attempt(s) - 66.67% - Score 0 goal in Penalty Kill
RedWings - 3 on 3 Attempt(s) - 100.00% - Score 0 goal in Penalty Kill

Team Stat

Blues - Hits : 31 - Faceoff Wins : 46 - Blocked Shots : 11 - Penalty Minutes : 12
RedWings - Hits : 20 - Faceoff Wins : 49 - Blocked Shots : 6 - Penalty Minutes : 6

Official

Referees : Jacob Brenk and Eric Furlatt
Linesman : Brad Kovachik and Brian Mach

Game Notes

Antti Niemi enters game at 19:34 of 1st period

Finance

Level 1 -- Attendance: 6456 (99.32%) -- Ticket Income 432 552 $
Level 2 -- Attendance: 5000 (100.00%) -- Ticket Income 250 000 $
Level 3 -- Attendance: 3500 (100.00%) -- Ticket Income 94 500 $
Level 4 -- Attendance: 2946 (73.16%) -- Ticket Income 23 568 $
Luxury Box -- Attendance: 1000 (100.00%) -- Ticket Income 130 000 $
Game was played at the Joe Louis Arena.
Total Attendance: 18902 (94.38%)
Total Ticket Income: 930 620 $
Other Income: 139 593 $
Total Income: 1 070 213 $

% Time on Ice - Blues

Lines # - Real PCT - Wanted PCT - Time Play
Normal Forward
1 - 30% - 40% - 12:37
2 - 23% - 30% - 9:53
3 - 23% - 20% - 9:41
4 - 25% - 10% - 10:33
Normal Defense
1 - 33% - 40% - 14:00
2 - 29% - 30% - 12:34
3 - 36% - 20% - 15:31
4 - 2% - 10% - 0:39
PP Forward
1 - 41% - 60% - 2:26
2 - 59% - 40% - 3:31
PP Defense
1 - 39% - 60% - 2:19
2 - 61% - 40% - 3:38
PK Forward
1 - 72% - 60% - 8:11
2 - 28% - 40% - 3:08
PK Defense
1 - 62% - 60% - 7:01
2 - 38% - 40% - 4:18
PK3 Forward
1 - 0% - 60%
2 - 0% - 40%
PK3 Defense
1 - 0% - 60%
2 - 0% - 40%
44 Forward
1 - 0% - 60%
2 - 0% - 40%
44 Defense
1 - 0% - 60%
2 - 0% - 40%
Last Minute Offensive  - 0:00
Last Minute Defensive  - 0:00
Total
Forward - 60:00
Defense - 60:00

% Time on Ice - RedWings

Lines # - Real PCT - Wanted PCT - Time Play
Normal Forward
1 - 34% - 40% - 14:25
2 - 32% - 30% - 13:35
3 - 24% - 20% - 10:18
4 - 10% - 10% - 4:26
Normal Defense
1 - 39% - 40% - 16:34
2 - 36% - 30% - 15:16
3 - 24% - 20% - 10:13
4 - 2% - 10% - 0:41
PP Forward
1 - 46% - 60% - 5:14
2 - 54% - 40% - 6:05
PP Defense
1 - 46% - 60% - 5:13
2 - 54% - 40% - 6:06
PK Forward
1 - 71% - 60% - 4:12
2 - 29% - 40% - 1:45
PK Defense
1 - 61% - 60% - 3:38
2 - 39% - 40% - 2:19
PK3 Forward
1 - 0% - 60%
2 - 0% - 40%
PK3 Defense
1 - 0% - 60%
2 - 0% - 40%
44 Forward
1 - 0% - 60%
2 - 0% - 40%
44 Defense
1 - 0% - 60%
2 - 0% - 40%
Last Minute Offensive  - 0:00
Last Minute Defensive  - 0:00
Total
Forward - 60:00
Defense - 60:00

Play by Play

1st period


0:01 of 1st period - Mike Fisher wins face-off versus Sean Monahan in neutral zone.
0:11 of 1st period - Icing by Ben Lovejoy.
0:12 of 1st period - Sean Monahan wins face-off versus Jay McClement in RedWings zone.
0:23 of 1st period - Shot by David Pastrnak.
0:23 of 1st period - Shot Blocked by Braydon Coburn.
0:25 of 1st period - Shot by Paul Martin.
0:25 of 1st period - Shot Misses the Net.
0:27 of 1st period - Shot by David Pastrnak.
0:27 of 1st period - Shot Blocked by John-Michael Liles.
1:06 of 1st period - Icing by Dan Renouf.
1:07 of 1st period - Brian Flynn wins face-off versus Sam Gagner in Blues zone.
1:21 of 1st period - Shot by Loui Eriksson.
1:21 of 1st period - Stopped by Ryan Miller without a rebound.
1:22 of 1st period - Mike Fisher wins face-off versus Erik Haula in Blues zone.
1:29 of 1st period - Icing by Tyler Toffoli.
1:30 of 1st period - Erik Haula wins face-off versus Mike Fisher in RedWings zone.
1:37 of 1st period - Shot by Erik Haula.
1:37 of 1st period - Stopped by Ryan Miller without a rebound.
1:38 of 1st period - Jonathan Drouin wins face-off versus Jacob Josefson in Blues zone.
1:51 of 1st period - Shot by Sam Gagner.
1:51 of 1st period - Stopped by Ryan Miller with a rebound.
1:57 of 1st period - Shot by Loui Eriksson.
1:57 of 1st period - Shot Blocked by Adam Cracknell.
1:59 of 1st period - Shot by Dennis Seidenberg.
1:59 of 1st period - Shot Blocked by Adam Cracknell.
2:01 of 1st period - Shot by Sam Gagner.
2:01 of 1st period - Shot Misses the Net.
2:11 of 1st period - Shot by Loui Eriksson.
2:11 of 1st period - Shot Misses the Net.
2:13 of 1st period - Shot by Kris Russell.
2:13 of 1st period - Stopped by Ryan Miller without a rebound.
2:14 of 1st period - Mike Fisher wins face-off versus Erik Haula in Blues zone.
2:27 of 1st period - Shot by Micheal Ferland.
2:27 of 1st period - Shot Misses the Net.
3:08 of 1st period - Shot by Jay McClement.
3:08 of 1st period - Stopped by Roberto Luongo without a rebound.
3:09 of 1st period - Jay McClement wins face-off versus Sam Gagner in RedWings zone.
3:27 of 1st period - Shot by Dwight King.
3:27 of 1st period - Shot Blocked by Dennis Seidenberg.
3:31 of 1st period - Shot by Niklas Kronwall.
3:31 of 1st period - Shot Blocked by Kris Russell.
3:33 of 1st period - Shot by Jay McClement.
3:33 of 1st period - Shot Misses the Net.
3:41 of 1st period - Shot by Johnny Boychuk.
3:41 of 1st period - Shot Misses the Net.
3:52 of 1st period - Icing by Loui Eriksson.
3:53 of 1st period - Sam Gagner wins face-off versus Brian Flynn in RedWings zone.
3:53 of 1st period - Dennis Seidenberg is hit by Cal Clutterbuck and loses puck.
4:00 of 1st period - Shot by Cal Clutterbuck.
4:00 of 1st period - Stopped by Roberto Luongo without a rebound.
4:01 of 1st period - Erik Haula wins face-off versus Jacob Josefson in RedWings zone.
4:06 of 1st period - Adam Cracknell is hit by Ryan Hartman and loses puck.
4:19 of 1st period - Carl Gunnarsson is hit by Ryan Hartman and loses puck.
4:50 of 1st period - Mike Fisher is hit by Ryan Hartman and loses puck.
5:14 of 1st period - Shot by Mike Fisher.
5:14 of 1st period - Stopped by Roberto Luongo without a rebound.
5:15 of 1st period - Sam Gagner wins face-off versus Brian Flynn in RedWings zone.
5:17 of 1st period - Icing by Jonathan Drouin.
5:18 of 1st period - Brian Flynn wins face-off versus Sam Gagner in RedWings zone.
5:38 of 1st period - Icing by Braydon Coburn.
5:39 of 1st period - Brian Flynn wins face-off versus Sean Monahan in Blues zone.
5:39 of 1st period - Brian Flynn is hit by Eric Gryba.
6:28 of 1st period - Off-side.
6:29 of 1st period - Jay McClement wins face-off versus Erik Haula in neutral zone.
6:42 of 1st period - Shot by Dwight King.
6:42 of 1st period - Stopped by Roberto Luongo without a rebound.
6:43 of 1st period - Sam Gagner wins face-off versus Jacob Josefson in RedWings zone.
6:43 of 1st period - Sam Gagner is hit by Adam Cracknell.
7:15 of 1st period - Shot by Jiri Hudler.
7:15 of 1st period - Stopped by Roberto Luongo without a rebound.
7:16 of 1st period - Sean Monahan wins face-off versus Mike Fisher in RedWings zone.
7:18 of 1st period - Icing by Filip Forsberg.
7:19 of 1st period - Sean Monahan wins face-off versus Mike Fisher in RedWings zone.
7:44 of 1st period - Shot by Brian Gionta.
7:44 of 1st period - Stopped by Roberto Luongo without a rebound.
7:45 of 1st period - Erik Haula wins face-off versus Jay McClement in RedWings zone.
7:53 of 1st period - Icing by Nick Jensen.
7:54 of 1st period - Erik Haula wins face-off versus Brian Flynn in RedWings zone.
7:54 of 1st period - Erik Haula is hit by Cal Clutterbuck.
8:16 of 1st period - Erik Haula is hit by Cal Clutterbuck.
8:55 of 1st period - Icing by Carl Gunnarsson.
8:56 of 1st period - Kris Versteeg wins face-off versus Sean Monahan in Blues zone.
8:56 of 1st period - Kris Versteeg is hit by Filip Forsberg.
9:20 of 1st period - Shot by Sean Monahan.
9:20 of 1st period - Shot Blocked by Carl Gunnarsson.
9:56 of 1st period - John-Michael Liles is hit by Dennis Seidenberg.
10:18 of 1st period - Shot by Sam Gagner.
10:18 of 1st period - Deflect By Jonathan Drouin.
10:18 of 1st period - Stopped by Ryan Miller with a rebound.
10:20 of 1st period - Shot by Kris Russell.
10:20 of 1st period - Stopped by Ryan Miller without a rebound.
10:21 of 1st period - Brian Flynn wins face-off versus Erik Haula in Blues zone.
10:41 of 1st period - Shot by Tyler Toffoli.
10:41 of 1st period - Goal by Tyler Toffoli - Blues : 0 - RedWings : 1.
10:42 of 1st period - Sam Gagner wins face-off versus Jacob Josefson in neutral zone.
11:20 of 1st period - Minor Penalty to Kris Versteeg for Roughing.
11:21 of 1st period - Mike Fisher wins face-off versus Sean Monahan in Blues zone.
11:58 of 1st period - Braydon Coburn is hit by Filip Forsberg and loses puck.
12:10 of 1st period - Icing by Sam Gagner.
12:11 of 1st period - Sam Gagner wins face-off versus Adam Cracknell in RedWings zone.
12:20 of 1st period - Shot by David Pastrnak.
12:20 of 1st period - Shot Misses the Net.
13:11 of 1st period - Icing by Ben Lovejoy.
13:12 of 1st period - Mike Fisher wins face-off versus Sean Monahan in RedWings zone.
13:29 of 1st period - Shot by Kris Versteeg.
13:29 of 1st period - Shot Misses the Net.
13:31 of 1st period - Shot by Dan Renouf.
13:31 of 1st period - Shot Misses the Net.
13:33 of 1st period - Shot by Jay McClement.
13:33 of 1st period - Stopped by Roberto Luongo without a rebound.
13:34 of 1st period - Erik Haula wins face-off versus Brian Flynn in RedWings zone.
13:34 of 1st period - Erik Haula is hit by Cal Clutterbuck.
13:45 of 1st period - Icing by Johnny Boychuk.
13:46 of 1st period - Sean Monahan wins face-off versus Brian Flynn in Blues zone.
13:46 of 1st period - David Pastrnak is hit by Niklas Kronwall and loses puck.
13:53 of 1st period - Shot by Sean Monahan.
13:53 of 1st period - Shot Misses the Net.
13:57 of 1st period - Shot by Sean Monahan.
13:57 of 1st period - Stopped by Ryan Miller with a rebound.
14:37 of 1st period - Shot by Jonathan Drouin.
14:37 of 1st period - Shot Misses the Net.
14:48 of 1st period - Icing by Niklas Kronwall.
14:49 of 1st period - Brian Flynn wins face-off versus Erik Haula in Blues zone.
15:18 of 1st period - Shot by Tyler Toffoli.
15:18 of 1st period - Shot Misses the Net.
15:20 of 1st period - Shot by Tyler Toffoli.
15:20 of 1st period - Shot Misses the Net.
15:22 of 1st period - Shot by Tyler Toffoli.
15:22 of 1st period - Stopped by Ryan Miller without a rebound.
15:23 of 1st period - Sam Gagner wins face-off versus Jay McClement in Blues zone.
15:30 of 1st period - Shot by Jonathan Drouin.
15:30 of 1st period - Shot Blocked by Carl Gunnarsson.
15:32 of 1st period - Shot by Paul Martin.
15:32 of 1st period - Goal by Paul Martin - Blues : 0 - RedWings : 2.
15:33 of 1st period - Jacob Josefson wins face-off versus David Pastrnak in neutral zone.
15:56 of 1st period - Shot by Sean Monahan.
15:56 of 1st period - Shot Misses the Net.
16:26 of 1st period - Minor Penalty to Rick Nash for Elbowing.
16:27 of 1st period - Sam Gagner wins face-off versus Mike Fisher in Blues zone.
16:45 of 1st period - Shot by Eric Gryba.
16:45 of 1st period - Deflect By David Pastrnak.
16:45 of 1st period - Shot Misses the Net.
17:36 of 1st period - Icing by Thomas Hickey.
17:37 of 1st period - Mike Fisher wins face-off versus Sean Monahan in RedWings zone.
18:04 of 1st period - Shot by Eric Gryba.
18:04 of 1st period - Shot Hit the Post.
18:06 of 1st period - Shot by Loui Eriksson.
18:06 of 1st period - Goal by Loui Eriksson - Blues : 0 - RedWings : 3.
18:07 of 1st period - Brian Flynn wins face-off versus Erik Haula in neutral zone.
18:22 of 1st period - Shot by Kris Russell.
18:22 of 1st period - Stopped by Ryan Miller without a rebound.
18:23 of 1st period - Erik Haula wins face-off versus Jay McClement in Blues zone.
18:40 of 1st period - Icing by Eric Gryba.
18:41 of 1st period - Erik Haula wins face-off versus Mike Fisher in RedWings zone.
19:07 of 1st period - Off-side.
19:08 of 1st period - Dwight King wins face-off versus Sean Monahan in neutral zone.
19:30 of 1st period - Shot by David Pastrnak.
19:30 of 1st period - Stopped by Ryan Miller with a rebound.
19:32 of 1st period - Shot by Paul Martin.
19:32 of 1st period - Shot Misses the Net.
19:34 of 1st period - Shot by Sean Monahan.
19:34 of 1st period - Goal by Sean Monahan - Blues : 0 - RedWings : 4.
19:34 of 1st period - Antti Niemi enters game.
19:35 of 1st period - Mike Fisher wins face-off versus Sam Gagner in neutral zone.
19:35 of 1st period - Mike Fisher is hit by Jonathan Drouin.
19:39 of 1st period - Dennis Seidenberg is hit by Rick Nash and loses puck.
Goals for this period are 0 for Blues vs 4 for RedWings.
Shots for this period are 7 for Blues vs 14 for RedWings.

2nd period


0:01 of 2nd period - Sean Monahan wins face-off versus Mike Fisher in neutral zone.
0:04 of 2nd period - Brian Gionta is hit by Filip Forsberg and loses puck.
0:11 of 2nd period - Shot by Sean Monahan.
0:11 of 2nd period - Stopped by Antti Niemi without a rebound.
0:12 of 2nd period - Sam Gagner wins face-off versus Jay McClement in Blues zone.
0:30 of 2nd period - Shot by Kris Versteeg.
0:30 of 2nd period - Shot Misses the Net.
0:36 of 2nd period - Shot by Dwight King.
0:36 of 2nd period - Shot Misses the Net.
1:10 of 2nd period - Shot by Brian Gionta.
1:10 of 2nd period - Shot Misses the Net.
1:34 of 2nd period - Shot by Sean Monahan.
1:34 of 2nd period - Stopped by Antti Niemi without a rebound.
1:35 of 2nd period - Erik Haula wins face-off versus Brian Flynn in Blues zone.
1:51 of 2nd period - Minor Penalty to Eric Gryba for Slashing.
1:52 of 2nd period - Jay McClement wins face-off versus Erik Haula in RedWings zone.
2:08 of 2nd period - Shot by Dwight King.
2:08 of 2nd period - Deflect By Kris Versteeg.
2:08 of 2nd period - Shot Misses the Net.
2:12 of 2nd period - Shot by Braydon Coburn.
2:12 of 2nd period - Stopped by Roberto Luongo without a rebound.
2:13 of 2nd period - Cal Clutterbuck wins face-off versus Loui Eriksson in RedWings zone.
2:43 of 2nd period - Shot by Rick Nash.
2:43 of 2nd period - Shot Hit the Post.
3:15 of 2nd period - Shot by John-Michael Liles.
3:15 of 2nd period - Stopped by Roberto Luongo without a rebound.
3:16 of 2nd period - Sean Monahan wins face-off versus Jay McClement in RedWings zone.
3:31 of 2nd period - Icing by Kris Versteeg.
3:32 of 2nd period - David Pastrnak wins face-off versus Jay McClement in Blues zone.
3:32 of 2nd period - Jonathan Drouin is hit by Braydon Coburn and loses puck.
4:16 of 2nd period - Shot by Jiri Hudler.
4:16 of 2nd period - Stopped by Roberto Luongo without a rebound.
4:17 of 2nd period - Mike Fisher wins face-off versus Jonathan Drouin in RedWings zone.
4:24 of 2nd period - Shot by Sam Gagner.
4:24 of 2nd period - Stopped by Antti Niemi with a rebound.
4:31 of 2nd period - Sam Gagner is hit by Johnny Boychuk and loses puck.
4:38 of 2nd period - Shot by Loui Eriksson.
4:38 of 2nd period - Stopped by Antti Niemi without a rebound.
4:39 of 2nd period - Brian Flynn wins face-off versus Tyler Toffoli in Blues zone.
5:27 of 2nd period - Shot by Mike Fisher.
5:27 of 2nd period - Stopped by Roberto Luongo with a rebound.
5:35 of 2nd period - Shot by Rick Nash.
5:35 of 2nd period - Stopped by Roberto Luongo with a rebound.
5:37 of 2nd period - Shot by Brian Gionta.
5:37 of 2nd period - Stopped by Roberto Luongo without a rebound.
5:38 of 2nd period - Sean Monahan wins face-off versus Jay McClement in RedWings zone.
5:47 of 2nd period - Shot by Filip Forsberg.
5:47 of 2nd period - Stopped by Antti Niemi without a rebound.
5:48 of 2nd period - Sam Gagner wins face-off versus Jacob Josefson in Blues zone.
6:35 of 2nd period - Off-side.
6:36 of 2nd period - Brian Gionta wins face-off versus Sean Monahan in neutral zone.
6:41 of 2nd period - Shot by Mike Fisher.
6:41 of 2nd period - Shot Blocked by Filip Forsberg.
6:47 of 2nd period - Shot by Brian Gionta.
6:47 of 2nd period - Shot Misses the Net.
6:58 of 2nd period - Icing by Eric Gryba.
6:59 of 2nd period - Sean Monahan wins face-off versus Jay McClement in RedWings zone.
6:59 of 2nd period - Sean Monahan is hit by Dwight King.
7:08 of 2nd period - Filip Forsberg is hit by Dan Renouf and loses puck.
7:10 of 2nd period - Minor Penalty to Dan Renouf for Roughing.
7:11 of 2nd period - Brian Gionta wins face-off versus Sam Gagner in Blues zone.
7:54 of 2nd period - Icing by Paul Martin.
7:55 of 2nd period - Sean Monahan wins face-off versus Kris Versteeg in RedWings zone.
8:54 of 2nd period - Braydon Coburn is hit by David Pastrnak and loses puck.
9:22 of 2nd period - Tyler Toffoli is hit by Carl Gunnarsson.
9:37 of 2nd period - Icing by Brian Flynn.
9:38 of 2nd period - Brian Flynn wins face-off versus Erik Haula in Blues zone.
10:03 of 2nd period - Ryan Hartman is hit by Cal Clutterbuck and loses puck.
10:24 of 2nd period - Dennis Seidenberg is hit by Dwight King.
11:41 of 2nd period - Shot by Mike Fisher.
11:41 of 2nd period - Deflect By Brian Gionta.
11:41 of 2nd period - Shot Blocked by Micheal Ferland.
11:47 of 2nd period - Shot by Brian Gionta.
11:47 of 2nd period - Stopped by Roberto Luongo without a rebound.
11:48 of 2nd period - Sean Monahan wins face-off versus Jacob Josefson in RedWings zone.
11:59 of 2nd period - Shot by Adam Cracknell.
11:59 of 2nd period - Stopped by Roberto Luongo with a rebound.
12:17 of 2nd period - Shot by Jacob Josefson.
12:17 of 2nd period - Stopped by Roberto Luongo without a rebound.
12:18 of 2nd period - Mike Fisher wins face-off versus Erik Haula in RedWings zone.
13:22 of 2nd period - Brian Flynn is hit by Ben Lovejoy and loses puck.
13:38 of 2nd period - Icing by Paul Martin.
13:39 of 2nd period - Erik Haula wins face-off versus Jay McClement in RedWings zone.
13:39 of 2nd period - Erik Haula is hit by Jay McClement.
13:44 of 2nd period - Ben Lovejoy is hit by Braydon Coburn.
13:49 of 2nd period - Kris Versteeg is hit by Ryan Hartman and loses puck.
13:54 of 2nd period - Shot by Kris Versteeg.
13:54 of 2nd period - Shot Blocked by Paul Martin.
14:28 of 2nd period - Dennis Seidenberg is hit by Mike Fisher and loses puck.
14:33 of 2nd period - Shot by Mike Fisher.
14:33 of 2nd period - Stopped by Roberto Luongo without a rebound.
14:34 of 2nd period - Brian Flynn wins face-off versus Sam Gagner in RedWings zone.
14:37 of 2nd period - Shot by Brian Flynn.
14:37 of 2nd period - Deflect By Cal Clutterbuck.
14:37 of 2nd period - Stopped by Roberto Luongo without a rebound.
14:38 of 2nd period - Brian Flynn wins face-off versus Sean Monahan in RedWings zone.
14:44 of 2nd period - Minor Penalty to Cal Clutterbuck for Charging.
14:45 of 2nd period - Sam Gagner wins face-off versus Mike Fisher in Blues zone.
14:58 of 2nd period - Shot by David Pastrnak.
14:58 of 2nd period - Stopped by Antti Niemi with a rebound.
15:04 of 2nd period - Shot by Sam Gagner.
15:04 of 2nd period - Stopped by Antti Niemi with a rebound.
15:52 of 2nd period - Jonathan Drouin is hit by Braydon Coburn and loses puck.
16:31 of 2nd period - Shot by David Pastrnak.
16:31 of 2nd period - Stopped by Antti Niemi without a rebound.
16:32 of 2nd period - Kris Versteeg wins face-off versus Filip Forsberg in Blues zone.
16:59 of 2nd period - Shot by Tyler Toffoli.
16:59 of 2nd period - Stopped by Antti Niemi without a rebound.
17:00 of 2nd period - Sean Monahan wins face-off versus Kris Versteeg in Blues zone.
18:05 of 2nd period - Shot by Jonathan Drouin.
18:05 of 2nd period - Shot Blocked by Johnny Boychuk.
18:29 of 2nd period - Mike Fisher is hit by Micheal Ferland.
18:34 of 2nd period - Mike Fisher is hit by Dennis Seidenberg and loses puck.
18:43 of 2nd period - Shot by Mike Fisher.
18:43 of 2nd period - Shot Misses the Net.
18:45 of 2nd period - Shot by John-Michael Liles.
18:45 of 2nd period - Shot Misses the Net.
18:47 of 2nd period - Shot by Mike Fisher.
18:47 of 2nd period - Stopped by Roberto Luongo without a rebound.
18:48 of 2nd period - Brian Flynn wins face-off versus Filip Forsberg in RedWings zone.
19:03 of 2nd period - Shot by Filip Forsberg.
19:03 of 2nd period - Shot Misses the Net.
19:05 of 2nd period - Shot by Ben Lovejoy.
19:05 of 2nd period - Deflect By David Pastrnak.
19:05 of 2nd period - Shot Blocked by Dan Renouf.
19:32 of 2nd period - Icing by Kris Russell.
19:33 of 2nd period - Mike Fisher wins face-off versus Sam Gagner in RedWings zone.
19:38 of 2nd period - Shot by Mike Fisher.
19:38 of 2nd period - Shot Misses the Net.
Goals for this period are 0 for Blues vs 0 for RedWings.
Shots for this period are 12 for Blues vs 9 for RedWings.

3rd period


0:01 of 3rd period - Sean Monahan wins face-off versus Mike Fisher in neutral zone.
0:27 of 3rd period - Shot by Mike Fisher.
0:27 of 3rd period - Deflect By Rick Nash.
0:27 of 3rd period - Shot Misses the Net.
1:01 of 3rd period - Shot by Dwight King.
1:01 of 3rd period - Stopped by Roberto Luongo without a rebound.
1:02 of 3rd period - Brian Flynn wins face-off versus Erik Haula in RedWings zone.
1:17 of 3rd period - Icing by Eric Gryba.
1:18 of 3rd period - Jay McClement wins face-off versus Erik Haula in RedWings zone.
1:30 of 3rd period - Icing by Nick Jensen.
1:31 of 3rd period - Brian Flynn wins face-off versus Erik Haula in RedWings zone.
1:34 of 3rd period - Shot by Clarke MacArthur.
1:34 of 3rd period - Stopped by Roberto Luongo without a rebound.
1:35 of 3rd period - Jay McClement wins face-off versus Sean Monahan in RedWings zone.
2:44 of 3rd period - Icing by Brian Gionta.
2:45 of 3rd period - Mike Fisher wins face-off versus Erik Haula in Blues zone.
2:45 of 3rd period - Mike Fisher is hit by Eric Gryba.
2:53 of 3rd period - Shot by Erik Haula.
2:53 of 3rd period - Goal by Erik Haula - Blues : 0 - RedWings : 5.
2:54 of 3rd period - Sam Gagner wins face-off versus Cal Clutterbuck in neutral zone.
2:59 of 3rd period - Shot by Loui Eriksson.
2:59 of 3rd period - Shot Blocked by Clarke MacArthur.
3:01 of 3rd period - Shot by Loui Eriksson.
3:01 of 3rd period - Stopped by Antti Niemi without a rebound.
3:02 of 3rd period - Jacob Josefson wins face-off versus Erik Haula in Blues zone.
4:05 of 3rd period - Shot by Filip Forsberg.
4:05 of 3rd period - Stopped by Antti Niemi without a rebound.
4:06 of 3rd period - Sam Gagner wins face-off versus Brian Gionta in Blues zone.
4:06 of 3rd period - Sam Gagner is hit by Niklas Kronwall.
4:09 of 3rd period - Jonathan Drouin is hit by Johnny Boychuk and loses puck.
4:12 of 3rd period - Shot by Loui Eriksson.
4:12 of 3rd period - Shot Blocked by Johnny Boychuk.
4:24 of 3rd period - Shot by Jonathan Drouin.
4:24 of 3rd period - Stopped by Antti Niemi without a rebound.
4:25 of 3rd period - Sean Monahan wins face-off versus Jay McClement in Blues zone.
4:25 of 3rd period - David Pastrnak is hit by Braydon Coburn and loses puck.
5:03 of 3rd period - Minor Penalty to Braydon Coburn for Slashing.
5:04 of 3rd period - Mike Fisher wins face-off versus Sam Gagner in Blues zone.
5:16 of 3rd period - David Pastrnak is hit by Niklas Kronwall and loses puck.
6:24 of 3rd period - Shot by Loui Eriksson.
6:24 of 3rd period - Shot Blocked by Johnny Boychuk.
6:26 of 3rd period - Shot by Eric Gryba.
6:26 of 3rd period - Shot Misses the Net.
6:28 of 3rd period - Shot by Loui Eriksson.
6:28 of 3rd period - Shot Misses the Net.
6:40 of 3rd period - Shot by Dennis Seidenberg.
6:40 of 3rd period - Stopped by Antti Niemi without a rebound.
6:41 of 3rd period - Sean Monahan wins face-off versus Kris Versteeg in Blues zone.
6:46 of 3rd period - Shot by Loui Eriksson.
6:46 of 3rd period - Goal by Loui Eriksson - Blues : 0 - RedWings : 6.
6:47 of 3rd period - Jay McClement wins face-off versus Erik Haula in neutral zone.
6:51 of 3rd period - Minor Penalty to Dennis Seidenberg for Hooking.
6:52 of 3rd period - Erik Haula wins face-off versus Kris Versteeg in RedWings zone.
7:11 of 3rd period - Shot by Dwight King.
7:11 of 3rd period - Stopped by Roberto Luongo without a rebound.
7:12 of 3rd period - Erik Haula wins face-off versus Cal Clutterbuck in RedWings zone.
7:21 of 3rd period - Loui Eriksson is hit by Rick Nash.
7:51 of 3rd period - Sean Monahan is hit by Dan Renouf and loses puck.
8:46 of 3rd period - Shot by Rick Nash.
8:46 of 3rd period - Stopped by Roberto Luongo without a rebound.
8:47 of 3rd period - Cal Clutterbuck wins face-off versus David Pastrnak in RedWings zone.
8:51 of 3rd period - Rick Nash is hit by Eric Gryba and loses puck.
9:02 of 3rd period - Shot by Jacob Josefson.
9:02 of 3rd period - Stopped by Roberto Luongo without a rebound.
9:03 of 3rd period - Erik Haula wins face-off versus Adam Cracknell in RedWings zone.
9:03 of 3rd period - Erik Haula is hit by Jacob Josefson.
9:08 of 3rd period - Tyler Toffoli is hit by Adam Cracknell and loses puck.
9:13 of 3rd period - Dan Renouf is hit by Erik Haula and loses puck.
9:24 of 3rd period - Shot by Ryan Hartman.
9:24 of 3rd period - Stopped by Antti Niemi without a rebound.
9:25 of 3rd period - Sean Monahan wins face-off versus Mike Fisher in Blues zone.
9:34 of 3rd period - Shot by Filip Forsberg.
9:34 of 3rd period - Stopped by Antti Niemi without a rebound.
9:35 of 3rd period - Jay McClement wins face-off versus Sam Gagner in Blues zone.
9:48 of 3rd period - Shot by Jay McClement.
9:48 of 3rd period - Stopped by Roberto Luongo without a rebound.
9:49 of 3rd period - Sean Monahan wins face-off versus Brian Gionta in RedWings zone.
9:49 of 3rd period - Dennis Seidenberg is hit by Mike Fisher and loses puck.
9:58 of 3rd period - Shot by Filip Forsberg.
9:58 of 3rd period - Stopped by Antti Niemi without a rebound.
9:59 of 3rd period - Jay McClement wins face-off versus Sam Gagner in Blues zone.
9:59 of 3rd period - Jay McClement is hit by Loui Eriksson.
10:09 of 3rd period - Shot by Kris Versteeg.
10:09 of 3rd period - Shot Blocked by Ben Lovejoy.
10:37 of 3rd period - Icing by Loui Eriksson.
10:38 of 3rd period - Jonathan Drouin wins face-off versus Brian Gionta in RedWings zone.
10:45 of 3rd period - Shot by Sam Gagner.
10:45 of 3rd period - Deflect By Jonathan Drouin.
10:45 of 3rd period - Shot Misses the Net.
11:12 of 3rd period - Icing by Ben Lovejoy.
11:13 of 3rd period - Brian Flynn wins face-off versus Sam Gagner in RedWings zone.
11:13 of 3rd period - Cal Clutterbuck is hit by Paul Martin and loses puck.
11:17 of 3rd period - Minor Penalty to Ben Lovejoy for Hooking.
11:18 of 3rd period - Erik Haula wins face-off versus Jay McClement in RedWings zone.
11:18 of 3rd period - David Pastrnak is hit by Jay McClement and loses puck.
11:25 of 3rd period - Shot by Kris Versteeg.
11:25 of 3rd period - Stopped by Roberto Luongo without a rebound.
11:26 of 3rd period - Erik Haula wins face-off versus Cal Clutterbuck in RedWings zone.
11:26 of 3rd period - Erik Haula is hit by Cal Clutterbuck.
11:33 of 3rd period - Icing by Brian Gionta.
11:34 of 3rd period - Erik Haula wins face-off versus Cal Clutterbuck in Blues zone.
13:43 of 3rd period - Shot by David Pastrnak.
13:43 of 3rd period - Stopped by Antti Niemi without a rebound.
13:44 of 3rd period - Sam Gagner wins face-off versus Mike Fisher in Blues zone.
14:13 of 3rd period - Shot by Rick Nash.
14:13 of 3rd period - Shot Misses the Net.
14:17 of 3rd period - Shot by Mike Fisher.
14:17 of 3rd period - Stopped by Roberto Luongo without a rebound.
14:18 of 3rd period - Erik Haula wins face-off versus Brian Flynn in RedWings zone.
14:20 of 3rd period - Tyler Toffoli is hit by Cal Clutterbuck and loses puck.
14:24 of 3rd period - Ryan Hartman is hit by Dan Renouf and loses puck.
14:27 of 3rd period - Shot by Erik Haula.
14:27 of 3rd period - Stopped by Antti Niemi without a rebound.
14:28 of 3rd period - Erik Haula wins face-off versus Jacob Josefson in Blues zone.
15:39 of 3rd period - Shot by Filip Forsberg.
15:39 of 3rd period - Shot Misses the Net.
16:02 of 3rd period - Shot by Sam Gagner.
16:02 of 3rd period - Shot Misses the Net.
17:00 of 3rd period - Minor Penalty to Rick Nash for Holding.
17:01 of 3rd period - Mike Fisher wins face-off versus Sean Monahan in Blues zone.
17:12 of 3rd period - Shot by Sean Monahan.
17:12 of 3rd period - Shot Misses the Net.
17:28 of 3rd period - Shot by Filip Forsberg.
17:28 of 3rd period - Stopped by Antti Niemi with a rebound.
17:54 of 3rd period - Shot by David Pastrnak.
17:54 of 3rd period - Shot Misses the Net.
18:17 of 3rd period - Icing by Ben Lovejoy.
18:18 of 3rd period - Mike Fisher wins face-off versus Sean Monahan in RedWings zone.
18:21 of 3rd period - Shot by Mike Fisher.
18:21 of 3rd period - Stopped by Roberto Luongo without a rebound.
18:22 of 3rd period - Mike Fisher wins face-off versus Sean Monahan in RedWings zone.
19:56 of 3rd period - Cal Clutterbuck is hit by Loui Eriksson and loses puck.
Goals for this period are 0 for Blues vs 2 for RedWings.
Shots for this period are 9 for Blues vs 12 for RedWings.